[Event "Early-Titled-Tuesday-Blitz-August-29-2023"]
[Site "Chess.com"]
[Date "2023.08.29"]
[Round "11"]
[White "AttilaTurzo"]
[Black "cool64chess"]
[Result "1-0"]
[WhiteElo "2531"]
[BlackElo "2524"]
[TimeControl "180+1"]
[EndTime "10:04:44 PDT"]
[Termination "AttilaTurzo won on time"]

1. d4 d5 2. Nf3 Nf6 3. Bf4 e6 4.
e3 Bd6 5. Nbd2 O-O 6. Bd3 c5 7. c3 Nc6 8. O-O Qe7 9. Ne5 Nd7 10. Ndf3 f6 11. Nxc6 bxc6 12. Bxd6 Qxd6 13. e4 Rb8 14. Qe2 c4 15. Bb1 e5 16. Rd1 exd4 17. Nxd4 Ne5 18. h3 c5 19. Nc2 Nd3 20. exd5 Rxb2 21. Qf3 Bb7 22. Ne3 Rxf2 23. Nxc4 Qxd5 24. Qxd5+ Bxd5 25. Bxd3 Rxg2+ 26. Kf1 Rh2 27. Ne3 Bf3 28. Rdc1 f5 29. Bc4+ Kh8 30. Bd5 Rxh3 31. Bxf3 Rxf3+ 32. Ke2 Rh3 33. Rf1 g6 34. Rf3 Rh2+ 35. Rf2 Rh4 36. Raf1 Re4 37.
Rf4 Re5 38. Kd2 Rfe8 39. R1f3 Kg7 40. Ra4 R8e7 41. Ra6 h5 42. c4 R5e6 43. Rxe6 Rxe6 44. Nd5 h4 45. Ra3 h3 46. Rxh3 g5 47. Ra3 a6 48.
Re3 Rd6 49. Re7+ Kg6 50. Ke3 f4+ 51. Ke4 Rc6 52. Re8 Kh5 53. Kf3 Rh6 54. Re1 Rd6 55. Rh1+ Kg6 56. Rh8 Re6 57. Kg4 Re1 58. Rg8+ Kh6 59.
Nf6 Rg1+ 60. Kf5 1-0

[Event "Early-Titled-Tuesday-Blitz-August-29-2023"]
[Site "Chess.com"]
[Date "2023.08.29"]
[Round "11"]
[White "FGHSMN"]
[Black "Frolyanov_D"]
[Result "1-0"]
[WhiteElo "2923"]
[BlackElo "2628"]
[TimeControl "180+1"]
[EndTime "10:04:47 PDT"]
[Termination "FGHSMN won on time"]

1. d4 d5 2. Nf3 Nf6 3. Bf4 e6 4.
e3 c5 5. Nbd2 Nc6 6. c3 Be7 7.
Ne5 Nxe5 8. dxe5 Nd7 9. Bd3 b6 10. Qg4 g5 11. Nf3 gxf4 12. Qg7 Rf8 13. exf4 Bb7 14.
h4 Qc7 15. Ng5 Bxg5 16. hxg5 O-O-O 17. Rxh7 c4 18. Be2 Nc5 19. Rd1 Nd3+ 20. Bxd3 cxd3 21. Rxd3 Qc4 22. Rd4 Qxa2 23. Rd2 Ba6 24. f3 Qb1+ 25. Kf2 Qc1 26. Rd4 Qxb2+ 27. Kg3 Bf1 28. Rh2 Rh8 29. Qxh8 Rxh8 30. Rxh8+ Kd7 31. Rh2 Qxc3 32. Rd1 Be2 33. Rb1 Qc2 34. Ra1 a5 35. Rh8 a4 36. Ra8 b5 37. Ra7+ Ke8 38. Rh1 Kf8 39. Ra8+ Kg7 40. Rhh8 Qh7 41. Rxh7+ Kxh7 42. Kf2 Bd1 43. Ke3 b4 44. Kd2 Bb3 45. g4 a3 46. Rb8 a2 47.
Ra8 Bc4 48. f5 d4 49. g6+ Kg7 50. gxf7 Kxf7 51. Ra7+ Kf8 52. f6 b3 53. Kc1 d3 54.
Ra8+ Kf7 55. Ra7+ Kg6 56. Rg7+ Kh6 57. Kb2 d2 58. g5+ Kh5 59. Rd7 Bd5 60. Rh7+ Kg6 61. Rh6+ Kf5 62. Rh1 Kg6 63. Rd1 Kxg5 64. f7 Bxf3 65.
Rxd2 1-0

[Event "Early-Titled-Tuesday-Blitz-August-29-2023"]
[Site "Chess.com"]
[Date "2023.08.29"]
[Round "11"]
[White "BogdanDeac"]
[Black "Anton_Demchenko"]
[Result "1-0"]
[WhiteElo "3026"]
[BlackElo "2932"]
[TimeControl "180+1"]
[EndTime "10:04:51 PDT"]
[Termination "BogdanDeac won on time"]

1. e4 e5 2. Nf3 Nc6 3. d4 exd4 4.
Nxd4 Bc5 5. Nb3 Bb6 6. Qe2 d6 7. Nc3 a5 8. Be3 Bxe3 9. Qxe3 a4 10. Nd4 a3 11. b3 Nf6 12. Bb5 Bd7 13. O-O O-O 14. Bxc6 bxc6 15. Rfe1 Re8 16. Qg3 Qb8 17. Qd3 Qb4 18. f3 Re5 19. Nde2 Rae8 20. Ng3 h5 21. h4 g5 22. hxg5 Rxg5 23. Nge2 Qc5+ 24. Qd4 Qxd4+ 25. Nxd4 h4 26. Kf2 Kg7 27. Nde2 Rh8 28. Rh1 Rc5 29. Rac1 Rch5 30. Nb1 Rb5 31. c4 Ra5 32. Rcd1 Be6 33. Nf4 Nd7 34. Rd2 Ne5 35. Nc3 Raa8 36. Nce2 Kf6 37. Nd4 Bd7 38. Nfe2 Ke7 39.
Nc2 Be6 40. Ne3 Rag8 41. Nd4 Bd7 42. Ndf5+ Kd8 43. Rxh4 Rxh4 44. Nxh4 Rh8 45. Nhf5 Rh1 46. Rd1 Rxd1 47. Nxd1 Nd3+ 48. Ke3 Nb4 49. Nc3 Bxf5 50. exf5 Ke7 51. g4 Kf6 52. f4 d5 53. c5 Ke7 54.
Kd2 Na6 55. Na4 Nb4 56. Nc3 Na6 57. Nb1 Nxc5 58. Nxa3 Ne4+ 59. Ke3 Nf6 60. Kf3 Ne4 61. Nc2 Nc3 62. a4 c5 63. a5 c4 64. bxc4 dxc4 65. a6 Nb5 66. g5 c3 67. Ke3 c5 68.
Kd3 1-0

[Event "Early-Titled-Tuesday-Blitz-August-29-2023"]
[Site "Chess.com"]
[Date "2023.08.29"]
[Round "11"]
[White "RobertoJBM"]
[Black "HansOnTwitch"]
[Result "1-0"]
[WhiteElo "2836"]
[BlackElo "2887"]
[TimeControl "180+1"]
[EndTime "10:04:52 PDT"]
[Termination "RobertoJBM won by resignation"]

1. d4 Nf6 2. c4 g6 3. Nc3 Bg7 4.
e4 d6 5. Nf3 O-O 6. Be2 e5 7.
O-O h6 8. Re1 Nbd7 9. Rb1 Re8 10. Bf1 a5 11. b3 Nh7 12. dxe5 dxe5 13. Ba3 Nhf8 14. Qd2 Ne6 15. Rbd1 Nd4 16. Nxd4 exd4 17. Nd5 c6 18. Nf4 c5 19. Nd5 b6 20. f4 Bb7 21.
e5 Nf8 22. Be2 Bxd5 23. cxd5 Qxd5 24. Bf3 Qd7 25. Bxa8 Rxa8 26. Qd3 Qd5 27. Qe4 Qxe4 28. Rxe4 Ne6 29. Kf2 Bf8 30. g4 a4 31. b4 cxb4 32.
Bb2 Bc5 33. Ke2 g5 34. f5 Nf4+ 35. Kf3 d3 36. h4 a3 37. Ba1 Rd8 38. hxg5 hxg5 39.
e6 fxe6 40. Rh1 e5 41. Bxe5 Rd5 42. Bxf4 gxf4 43. Rxf4 b5 44. Rd1 b3 45. axb3 a2 46.
b4 Bd6 47. Re4 d2 48. Ke2 Bf8 49. Re8 Kf7 50. Ra8 Bh6 51. Rxa2 Re5+ 52. Kf2 Rd5 53.
Ke2 Re5+ 54. Kd3 Rd5+ 55. Kc3 Rd6 56. Raxd2 Rc6+ 57. Kb3 Bxd2 58. Rxd2 Rc4 59. Rg2 Kf6 60. g5+ Kxf5 61. g6 Rc8 62. g7 Rg8 63. Kc3 Ke4 64.
Rg4+ Ke3 65. Rg5 Ke4 66. Rxb5 Rxg7 67. Rc5 Rb7 68. b5 Rb8 69. Kc4 Rb7 70. Rc6 Ke5 71.
b6 Rb8 72. Kc5 Rb7 73. Rc7 Rb8 74. b7 Ke6 75. Kc6 1-0

[Event "Early-Titled-Tuesday-Blitz-August-29-2023"]
[Site "Chess.com"]
[Date "2023.08.29"]
[Round "11"]
[White "Arteler"]
[Black "Iunusovnuriddin"]
[Result "1-0"]
[WhiteElo "2260"]
[BlackElo "2318"]
[TimeControl "180+1"]
[EndTime "10:04:52 PDT"]
[Termination "Arteler won by resignation"]

1. e4 e5 2. Nf3 Nc6 3. Bb5 a6 4. Ba4 Nf6 5. d4 exd4 6. O-O d6 7. Nxd4 Bd7 8. Bxc6 bxc6 9. Nc3 Be7 10. Qf3 c5 11.
Nf5 Bxf5 12. Qxf5 Qd7 13. Qf3 O-O 14. h3 h6 15. Rd1 Qe6 16. Bf4 Rad8 17. b3 c6 18. Re1 Nd7 19. Rad1 Ne5 20. Qg3 Ng6 21. Bc1 Bf6 22. Na4 Rfe8 23. f4 Bh4 24. Qd3 Bxe1 25. Rxe1 f5 26. Qxa6 fxe4 27. Qxc6 Nh4 28. Re2 Nf5 29.
c3 Rc8 30. Qb7 d5 31. Ba3 d4 32. Nxc5 Rxc5 33. Bxc5 d3 34. Rd2 e3 35. Rxd3 e2 36. Bf2 e1=Q+ 37. Bxe1 Qxe1+ 38. Kh2 Kh8 39. Qd7 Qe4 40. Rf3 Rf8 41. Qd3 Qe6 42. c4 Nh4 43. Re3 Qc6 44. Rg3 Rxf4 45. Qd8+ Kh7 46. Qd5 Qf6 47.
Qd3+ Nf5 48. Rg4 Rf2 49. Qe4 g6 50. c5 h5 51. Rf4 Rxf4 52. Qxf4 Qc6 53. b4 Qa4 54.
Qc7+ Kh6 55. Qf4+ Kh7 56. Qc4 Ne3 57. Qf7+ Kh8 58. Qe8+ Kh7 59. Qxa4 Nf1+ 60. Kg1 Ne3 61. Qd7+ Kh6 62. Qd2 g5 63. Qxe3 Kg6 64. c6 1-0

[Event "Early-Titled-Tuesday-Blitz-August-29-2023"]
[Site "Chess.com"]
[Date "2023.08.29"]
[Round "11"]
[White "laskakid"]
[Black "Goi_Manne"]
[Result "1-0"]
[WhiteElo "2177"]
[BlackElo "2297"]
[TimeControl "180+1"]
[EndTime "10:04:53 PDT"]
[Termination "laskakid won by resignation"]

1. d4 c6 2. e4 d5 3. exd5 cxd5 4. Bd3 Nf6 5. h3 Qc7 6. Nf3 g6 7. O-O Bg7 8. Re1 O-O 9. Bg5 h6 10. Be3 Nc6 11. c3 Bf5 12. Bf1 Rfe8 13. Qc1 Kh7 14. Bf4 Qb6 15. Nbd2 a5 16. g4 Be4 17. Nxe4 Nxe4 18.
Bd3 Nf6 19. Kg2 Nd7 20. h4 e5 21. dxe5 Ndxe5 22. Nxe5 Nxe5 23. Bxe5 Bxe5 24. h5 Bg7 25. Qd2 d4 26. cxd4 Bxd4 27. Rh1 Bg7 28. g5 Qc6+ 29. f3 Rad8 30. hxg6+ fxg6 31. Rxh6+ Bxh6 32. Rh1 Rd6 33. Rxh6+ Kg7 34. b3 Red8 35. Qb2+ Rd4 36. Rxg6+ Qxg6 37. Bxg6 Kxg6 38. Qc1 Rd2+ 39. Kg3 Kxg5 40. Qc5+ R2d5 41. Qe3+ Kg6 42. Qe4+ Kf7 43. Qh7+ Ke6 44. Qxb7 R8d7 45. Qb6+ R7d6 46. Qb7 Rd2 47. Qe4+ Kd7 48. Qb7+ Ke6 49.
Qe4+ Kf7 50. Qh7+ Ke8 51. Qg8+ Kd7 52. Qf7+ Kc6 53. Qc4+ Kb6 54. b4 axb4 55. Qxb4+ Kc6 56. a4 R6d4 57. Qb5+ Kc7 58. a5 Rd8 59. Qb6+ Kd7 60. a6 Rf8 61. Qb7+ Ke8 62. a7 Ra2 63. a8=Q+ Rxa8 64.
Qxa8+ Kf7 65. Qb7+ Kg8 66. Qd5+ Rf7 67. Kg4 Kg7 68. Kg5 Rf8 69. f4 Rf7 70. f5 Rf8 71.
Qd7+ Rf7 72. Qd5 Kg8 73. f6 Kf8 74. Kg6 1-0

[Event "Early-Titled-Tuesday-Blitz-August-29-2023"]
[Site "Chess.com"]
[Date "2023.08.29"]
[Round "11"]
[White "Xavier_mompel"]
[Black "Kotofeyca"]
[Result "1-0"]
[WhiteElo "2317"]
[BlackElo "2392"]
[TimeControl "180+1"]
[EndTime "10:04:54 PDT"]
[Termination "Xavier_mompel won on time"]

1. e4 c5 2. Nf3 d6 3. d4 cxd4 4. Nxd4 Nf6 5. Nc3 a6 6. Be3 Ng4 7. Bc1 Nc6 8. Nxc6 bxc6 9. h3 Nf6 10. Be3 e5 11. Bc4 Be7 12. Qd2 O-O 13. O-O Be6 14. Bb3 d5 15. exd5 cxd5 16. Bg5 d4 17. Bxf6 Bxf6 18.
Ne4 Bf5 19. Nxf6+ Qxf6 20. Rad1 Rfe8 21. f4 Rad8 22. fxe5 Qxe5 23. Rxf5 Qxf5 24. Rf1 Qe4 25. Bxf7+ Kh8 26. Bxe8 Rxe8 27. Qd3 Qxd3 28. cxd3 Kg8 29.
Rf4 Re2 30. Rxd4 Rxb2 31. a4 a5 32. Rd5 Rb3 33. Rxa5 Rxd3 34. Ra7 Ra3 35. a5 h5 36. a6 Ra2 37. h4 Kh7 38. Kh2 Ra3 39. Kg1 Kh6 40.
Kf2 g5 41. hxg5+ Kxg5 42. Ra8 Kg6 43. a7 Kg7 44. g3 Kh7 45. Kg2 Kg7 46. Kh3 Ra4 47.
Kg2 Ra3 48. Kf2 Kh7 49. Ke2 Kg7 50. Kd2 Kh7 51. Kc2 Kg7 52. Kb2 Ra6 53. Kc3 Ra4 54. Kb3 Ra1 55. Kc4 Ra5 56. Kd4 Kh7 57. Ke4 Kg7 58.
Kf4 Kh7 59. Ke4 Kg7 60. Kd4 Kh7 61. Kc4 Kg7 62. Kb4 Ra1 63. Kc5 Ra3 64. Kd5 Ra4 65.
Ke5 Ra5+ 66. Kd6 Ra6+ 67. Ke7 Ra3 68. Kd7 Kh7 69. Kc6 1-0

[Event "Early-Titled-Tuesday-Blitz-August-29-2023"]
[Site "Chess.com"]
[Date "2023.08.29"]
[Round "11"]
[White "ErikRonka"]
[Black "Caisachess"]
[Result "1-0"]
[WhiteElo "2505"]
[BlackElo "2345"]
[TimeControl "180+1"]
[EndTime "10:04:57 PDT"]
[Termination "ErikRonka won on time"]

1. e4 e5 2. Nf3 Nc6 3. Nc3 Nf6 4. d4 exd4 5. Nxd4 Nxe4 6. Nxe4 Qe7 7. f3 d5 8. Bb5 Bd7 9. Bxc6 bxc6 10. O-O dxe4 11.
Nb3 Qd6 12. Qe2 Be7 13. Qxe4 O-O 14. Bf4 Qf6 15. Be5 Qh6 16. Bxg7 Qxg7 17. Qxe7 Bh3 18.
Qe2 Rfe8 19. Qf2 Re6 20. Kh1 Bf5 21. Nd4 Re5 22. Nxc6 Ree8 23. Rae1 Bg6 24. Ne7+ Kh8 25. Nxg6+ Qxg6 26. c3 a5 27. h3 Rab8 28. b3 Qf6 29. Qd4 Qxd4 30. cxd4 Red8 31. Re7 Kg7 32. Rc1 Rxd4 33.
Rcxc7 Rf4 34. Re4 Rf5 35. Rec4 Rd8 36. R7c5 Rdd5 37. Rxd5 Rxd5 38. Kh2 Kf6 39. a3 Rd3 40. Ra4 Rxb3 41. Rxa5 Rb2 42. h4 Ra2 43. Kh3 Ra1 44.
g4 Kg7 45. Kg3 Ra2 46. Kf4 Ra1 47. a4 Ra3 48. Ra8 Rb3 49. g5 Rb4+ 50. Kg3 Rb3 51. Kg4 Rb4+ 52. f4 h5+ 53. gxh6+ Kxh6 54. h5 Rb1 55. a5 Rg1+ 56. Kf5 Ra1 57. a6 Ra5+ 58. Kf6 Kxh5 59. a7 Ra6+ 60. Kxf7 Kg4 61. Rg8+ Kxf4 62.
a8=Q Rxa8 63. Rxa8 Kf5 64. Ra6 Ke4 65. Re6+ Kd5 66. Kf6 Kd4 67. Re5 Kc4 68. Kf5 Kd4 69. Kf4 Kc4 70. Ke4 Kc3 71. Rd5 Kc2 72. Rd3 1-0

[Event "Early-Titled-Tuesday-Blitz-August-29-2023"]
[Site "Chess.com"]
[Date "2023.08.29"]
[Round "11"]
[White "Chessmissile07"]
[Black "fireheart92"]
[Result "1/2-1/2"]
[WhiteElo "2834"]
[BlackElo "2946"]
[TimeControl "180+1"]
[EndTime "10:04:58 PDT"]
[Termination "Game drawn by repetition"]

1. e4 g6 2. d4 Nf6 3. Nc3 d5 4. e5 Nh5 5. Be2 Ng7 6. f4 c6 7. Nf3 Bg4 8. Be3 Nf5 9. Bf2 h5 10. Qd2 Bxf3 11. Bxf3 Nd7 12. g3 Qb6 13. O-O-O Qa5 14.
Kb1 e6 15. Ne2 Qxd2 16. Rxd2 c5 17. c3 cxd4 18. cxd4 Nb6 19. Rc2 Kd7 20. Rhc1 Rc8 21. Rxc8 Nxc8 22. Nc3 Nfe7 23. Be2 a6 24. Na4 Nc6 25.
Nc5+ Bxc5 26. Rxc5 N8a7 27. b3 b6 28. Rc1 Nb5 29. Bxb5 axb5 30. Kb2 Nb4 31. Rd1 Ra8 32. a3 Nc6 33. Rc1 Rc8 34. Be3 Rh8 35. Bf2 Ne7 36. Kc3 Ra8 37. Kb4 Ra5 38. Ra1 Nc6+ 39. Kc3 b4+ 40.
Kb2 bxa3+ 41. Rxa3 Rxa3 42. Kxa3 Kc7 43. Ka4 Kb7 44.
Kb5 Na7+ 45. Kb4 Ka6 46. Be3 Nc8 47. Bd2 Ne7 48. Be1 Nc6+ 49. Kc3 Kb5 50. Bd2 Nb4 51. Kb2 Nd3+ 52. Kc2 Nf2 53. Be1 Ng4 54. h3 Ne3+ 55. Kd3 Nf5 56. g4 hxg4 57. hxg4 Nh6 58. g5 Nf5 59.
Bd2 Ne7 60. Kc3 Nc6 61. Kd3 Na5 62. Kc2 Nb7 63. Bc3 Nd8 64. Bd2 Nc6 65. Bc3 Ka6 66. Kd3 Kb5 67. Kc2 Na5 68. Kb2 Ka6 69. Kc2 Nb7 70. Kd3 Kb5 71. Kc2 Na5 72. Kb2 Nc6 73.
Kc2 1/2-1/2

[Event "Early-Titled-Tuesday-Blitz-August-29-2023"]
[Site "Chess.com"]
[Date "2023.08.29"]
[Round "11"]
[White "garfield_pg"]
[Black "vladgoncharov"]
[Result "1-0"]
[WhiteElo "2392"]
[BlackElo "2532"]
[TimeControl "180+1"]
[EndTime "10:05:02 PDT"]
[Termination "garfield_pg won by resignation"]

1. d4 Nf6 2. Bf4 c5 3. dxc5 Na6 4. Qd4 Qa5+ 5. c3 Qxc5 6. e3 Qxd4 7. exd4 b6 8. Na3 Nd5 9. Bg3 Ndc7 10. Nf3 Bb7 11. Nb5 Nxb5 12. Bxb5 f6 13. a4 Nb8 14. a5 a6 15. axb6 Kd8 16. Be2 d6 17. c4 Nd7 18.
c5 dxc5 19. dxc5 Nxc5 20. Bc7+ Ke8 21. Bc4 e5 22. O-O Be7 23. Rfd1 Nd7 24. Be6 Nc5 25. Bc4 Nd7 26. Be6 Nc5 27. Bd5 Bxd5 28. Rxd5 Nb7 29. Nd2 Kf7 30. Nc4 Ke6 31. Rad1 a5 32. f4 exf4 33.
Bxf4 a4 34. Rd7 Nc5 35. Rc7 Rac8 36. Re1+ Kf5 37. Bg3 Rxc7 38. bxc7 Ne4 39. Kf1 Bc5 40. Rd1 Be7 41. Rd5+ Ke6 42. Ra5 Nxg3+ 43. hxg3 Rc8 44. Rxa4 Rxc7 45. b3 Rb7 46. Ra6+ Kf5 47. Rb6 Rc7 48. Rb5+ Kg4 49. Ne3+ Kxg3 50. Nf5+ Kf4 51. Nxg7 Bc5 52. Ne6+ Ke3 53. Nxc7 Bd4 54. Rd5 Bc3 55. Rd7 Be5 56.
Nd5+ Ke4 57. b4 Kd4 58. b5 Kc5 59. b6 Kc6 60. Rd8 Kb7 61. Ne3 Kc6 62. Rh8 Kb7 63. Rxh7+ Kxb6 64. Ng4 Kc5 65. Nxe5 Kd4 66. Rf7 Ke4 67. Nd7 Kf5 68. Rxf6+ Kg5 69. Rf3 Kg4 70. Ne5+ Kg5 71. g4 Kh4 72. Kg2 Kg5 73. Rf5+ Kh6 74. Nf7+ Kg6 75. Kg3 Kg7 76. Ne5 Kh6 77. Kh4 1-0

[Event "Early-Titled-Tuesday-Blitz-August-29-2023"]
[Site "Chess.com"]
[Date "2023.08.29"]
[Round "11"]
[White "MBA_CHESS_2021"]
[Black "Vsevolod_Ovchinnikov"]
[Result "0-1"]
[WhiteElo "2330"]
[BlackElo "2620"]
[TimeControl "180+1"]
[EndTime "10:05:04 PDT"]
[Termination "Vsevolod_Ovchinnikov won by checkmate"]

1. d4 Nf6 2. c4 g6 3. Nc3 d5 4.
Nf3 Bg7 5. e3 O-O 6. h3 c5 7.
Be2 dxc4 8. Bxc4 Nc6 9. O-O cxd4 10. exd4 Na5 11. Be2 Be6 12. b3 Rc8 13. Bb2 Nd5 14.
Ne4 Qb6 15. Nc5 Rfd8 16. Nxe6 Qxe6 17. Qd2 Nc6 18. Bc4 Qd6 19. a4 e6 20. Ba3 Qf4 21.
Rad1 Qxd2 22. Rxd2 Nb6 23. Rfd1 Nxc4 24. bxc4 Na5 25. c5 Nc4 26. Ra2 Nxa3 27. Rxa3 Rxc5 28.
Rb3 Rc7 29. Rdb1 b6 30. Rb4 Bf6 31. a5 bxa5 32. Rb5 Bxd4 33. Rxa5 Bb6 34. Ra2 Rdc8 35.
g3 Rc2 36. Rxc2 Rxc2 37. Rf1 h6 38. Kg2 Kg7 39. Ne5 g5 40. h4 f6 41. Nd3 g4 42.
Ra1 e5 43. Rf1 Rd2 44. Nb4 Kg6 45. Nc6 h5 46. Ne7+ Kf7 47. Nf5 Bc5 48. Rc1 Rxf2+ 49. Kh1 Rxf5 50. Rxc5 Rf3 51. Kg2 Ra3 52. Rc7+ Kg6 53.
Re7 Ra2+ 54. Kf1 a5 55. Re6 a4 56. Ra6 a3 57. Kg1 Kf5 58. Kf1 Ra1+ 59. Kf2 a2 60. Kg2 Ke4 61. Ra3 f5 62. Ra4+ Kd3 63.
Ra3+ Kc4 64. Ra8 f4 65. Rc8+ Kd5 66. Rd8+ Kc6 67. Ra8 fxg3 68. Ra6+ Kb5 69. Ra8 e4 70.
Rb8+ Kc6 71. Ra8 e3 72. Rc8+ Kb7 73. Re8 Rg1+ 74. Kxg1 a1=Q+ 75. Kg2 Qb2+ 76. Kg1 Qf2+ 77. Kh1 Qh2# 0-1

[Event "Early-Titled-Tuesday-Blitz-August-29-2023"]
[Site "Chess.com"]
[Date "2023.08.29"]
[Round "11"]
[White "hitaman"]
[Black "likantrophuss"]
[Result "1-0"]
[WhiteElo "2725"]
[BlackElo "2572"]
[TimeControl "180+1"]
[EndTime "10:05:06 PDT"]
[Termination "hitaman won by checkmate"]

1. e4 d6 2. d4 g6 3. f4 Bg7 4.
Nf3 a6 5. Nc3 Nd7 6. Bd3 c5 7.
d5 b5 8. O-O c4 9. Be2 Qb6+ 10.
Kh1 Ngf6 11. e5 Ng4 12. e6 Ndf6 13. exf7+ Kf8 14. Qd4 Qxd4 15. Nxd4 h5 16. Ne6+ Kxf7 17. Nxg7 Kxg7 18. Bf3 Bb7 19. a3 Nh6 20. Be3 Nf5 21.
Bf2 Ng4 22. Bg1 Rae8 23. Rfe1 Rhf8 24. Rad1 Kh7 25. Ne4 Ng7 26. Ng5+ Kg8 27. h3 Nh6 28. Bd4 Nhf5 29. Bf2 Nh6 30. Re4 e5 31. dxe6 Bxe4 32.
Bxe4 Nxe6 33. Bd5 Rxf4 34. Bg3 Rf6 35. Re1 Nf5 36. Bf2 Ng7 37. Bd4 Rf5 38. Bxe6+ Nxe6 39.
Rxe6 Rxe6 40. Nxe6 Kf7 41. Nd8+ Ke7 42. Nc6+ Ke8 43.
Kg1 Rd5 44. c3 Rf5 45. Nb8 a5 46. Nc6 a4 47. Be3 Kd7 48. Nd4 Re5 49. Kf2 Kc7 50.
Kf3 Kb6 51. Kf4 Ka6 52. h4 Rd5 53. g3 Re5 54. Kf3 Rd5 55. Ke2 Re5 56. Kd2 Rd5 57. Bf4 Kb7 58. Ke3 Kb6 59. Ke4 Rc5 60. Bxd6 Rc8 61.
Bf4 Re8+ 62. Be5 Rf8 63. Bf4 Re8+ 64. Be5 Rf8 65. Nf3 Rd8 66. Bd4+ Ka6 67. Ne5 Rf8 68. Nxg6 Rg8 69. Kf5 Re8 70. Nf4 Re1 71. Nxh5 Rb1 72. Nf4 Rxb2 73. h5 Ra2 74. h6 Rh2 75. Kg6 b4 76.
cxb4 Kb5 77. Bc3 Rc2 78. h7 Rxc3 79. h8=Q Rxg3+ 80. Kf5 c3 81. Qe5+ Kc4 82. Qd5# 1-0

[Event "Early-Titled-Tuesday-Blitz-August-29-2023"]
[Site "Chess.com"]
[Date "2023.08.29"]
[Round "11"]
[White "BrandonJacobson"]
[Black "FREDERICKtheMATE"]
[Result "1/2-1/2"]
[WhiteElo "3009"]
[BlackElo "2548"]
[TimeControl "180+1"]
[EndTime "10:05:08 PDT"]
[Termination "Game drawn by 50-move rule"]

1. d4 Nf6 2. c4 e6 3. Nf3 d5 4. g3 dxc4 5. Bg2 c5 6. O-O Nc6 7. dxc5 Qxd1 8. Rxd1 Bxc5 9. Nfd2 Na5 10. Na3 Bxa3 11. bxa3 Bd7 12. Bb2 Bc6 13. Bc3 Bxg2 14. Kxg2 Nc6 15. Nxc4 Ke7 16. Nd6 Nd5 17. Nf5+ exf5 18.
Rxd5 Ke6 19. Rad1 Rhd8 20. Rxd8 Rxd8 21. Rxd8 Nxd8 22. Bxg7 Kd5 23. Kf3 Ne6 24. Bf6 h5 25. h3 b5 26. g4 hxg4+ 27. hxg4 fxg4+ 28. Kxg4 Nc7 29. Kf5 Ne8 30. Bd8 Nd6+ 31. Kf4 Ke6 32. Ba5 Nc4 33. Bb4 a5 34. Bf8 Ne5 35. Ke4 Nc6 36.
Bg7 f5+ 37. Kf4 a4 38. Bc3 Ne7 39. e4 fxe4 40. Kxe4 Nf5 41. Bb4 Nh6 42. Kd4 Ng4 43. f3 Ne5 44. Ke4 Nc6 45. f4 Nd8 46. f5+ Kf6 47.
Bc3+ Kg5 48. Ke5 Nf7+ 49. Ke6 Nd8+ 50. Kd7 Nf7 51. Ke7 Nh6 52. Bd2+ Kxf5 53. Bxh6 Ke5 54. Kd7 Kd5 55. Be3 Ke4 56. Bc5 Kd5 57. Bb4 Kd4 58. Kc6 Kc4 59. Kb6 Kd4 60. Kxb5 Kd5 61.
Bc5 Ke6 62. Kc6 Ke5 63. Bd6+ Ke6 64. Bg3 Ke7 65. Bh4+ Ke6 66. Kc7 Kd5 67. Kd7 Kc5 68. Bd8 Kb5 69. Kd6 Ka6 70. Kc6 Ka7 71. Be7 Ka8 72. Bd6 Ka7 73. Bc5+ Ka8 74. Bb6 Kb8 75. Kb5 Ka8 76. Be3 Kb8 77. Bd2 Ka8 78. Be1 Kb8 79. Bh4 Ka8 80. Bf6 Kb8 81. Be5+ Ka8 82. Kc6 Ka7 83.
Bd6 Ka8 84. Bc5 Kb8 85. Kd7 Ka8 86. Bb6 Kb8 87. Ba5 Ka8 88. Kc7 Ka7 89. Bb4 Ka8 90.
Kb6 Kb8 91. Bd6+ Ka8 92. Be7 Kb8 93. Kc6 Ka8 94. Kc7 Ka7 95. Bb4 Ka8 96. Kc6 Kb8 97.
Bc5 Ka8 98. Bd6 Ka7 99. Kb5 Ka8 100. Be5 Ka7 101. Bd4+ Ka8 102. Bb6 Kb8 103. Be3 Ka8 104. Kc6 Kb8 105. Bd4 Ka8 106. Bc3 Kb8 107. Bb4 Ka8 108. Kc7 Ka7 109. Bc5+ Ka8 110. Bd6 1/2-1/2

[Event "Early-Titled-Tuesday-Blitz-August-29-2023"]
[Site "Chess.com"]
[Date "2023.08.29"]
[Round "11"]
[White "masenik"]
[Black "HamedWafa4"]
[Result "0-1"]
[WhiteElo "2437"]
[BlackElo "2550"]
[TimeControl "180+1"]
[EndTime "10:05:08 PDT"]
[Termination "HamedWafa4 won by checkmate"]

1. e4 e5 2. Nf3 Nc6 3. Bb5 a6 4. Ba4 Nf6 5. O-O Be7 6. c3 Nxe4 7. Re1 Nc5 8. Bxc6 dxc6 9. Nxe5 Nd3 10. Nxd3 Qxd3 11. Re3 Qd5 12. d4 Be6 13. Nd2 O-O-O 14. Nf3 c5 15. Qe1 Bf6 16. dxc5 Qxc5 17. h3 Bd5 18.
Bd2 Bc6 19. Rd1 Rhe8 20. Bc1 Rxd1 21. Rxe8+ Bxe8 22. Qxd1 Bc6 23. Be3 Qd6 24. Qxd6 cxd6 25. Bd4 Bxd4 26. Nxd4 Bd5 27. a3 g6 28. g3 Kc7 29. f4 Kb6 30. b4 Kc7 31. Kf2 Kd7 32.
Ke3 Ke7 33. h4 Kf6 34. g4 Ke7 35. Ne2 f6 36. Ng3 h6 37. Kd4 Bf3 38. f5 g5 39.
hxg5 hxg5 40. c4 Bxg4 41. a4 Bf3 42. a5 Be2 43. Kd5 Bf3+ 44. Kd4 Kf7 45. Ke3 Bc6 46. Kd4 Kg7 47. Ke3 Kh6 48. Ne2 Kh5 49. Nd4 Kg4 50. b5 Bd7 51. b6 Bxf5 52. Nc6 Bc8 53. Ne7 Bd7 54. Nd5 Kf5 55. Ne7+ Ke6 56. Nd5 Bc6 57. Nc7+ Kd7 58. Kf2 f5 59. Kg3 f4+ 60. Kg4 f3 61.
Kg3 g4 62. Kf2 Be4 63. Kg3 Bc6 64. Kf2 Ke7 65. Kg3 Kf6 66. Kf2 Ke5 67. Kg3 Kd4 68. Ne6+ Kxc4 69. Nd8 Kb5 70. Nf7 Kxa5 71. Nxd6 Kxb6 72.
Nc4+ Kc5 73. Ne5 Bd5 74. Nxg4 a5 75. Ne3 a4 76. Kf2 a3 77. Nc2 a2 78. Ke3 b5 79.
Kd2 b4 80. Na1 b3 81. Kc3 f2 82. Kb2 f1=Q 83. Ka3 Qxa1 84. Ka4 Qc3 85. Ka3 a1=R# 0-1

[Event "Early-Titled-Tuesday-Blitz-August-29-2023"]
[Site "Chess.com"]
[Date "2023.08.29"]
[Round "11"]
[White "amintabatabaei"]
[Black "mishanick"]
[Result "0-1"]
[WhiteElo "2976"]
[BlackElo "3138"]
[TimeControl "180+1"]
[EndTime "10:05:11 PDT"]
[Termination "mishanick won by resignation"]

1. c4 e6 2. g3 d5 3. Bg2 Nf6 4.
Nf3 Be7 5. d4 O-O 6. O-O dxc4 7.
Qc2 a6 8. a4 Bd7 9. Qxc4 b5 10.
Qc2 Nc6 11. Bd2 Nd5 12. axb5 Ncb4 13. Bxb4 Nxb4 14. Qd2 Bxb5 15. Ne5 Rb8 16. Nc3 c5 17.
Nxb5 Rxb5 18. Nc6 Nxc6 19. Bxc6 Rb6 20. Be4 cxd4 21. Bd3 Bb4 22. Qf4 a5 23. Rfc1 Qd5 24.
Rc4 e5 25. Qh4 g6 26. Rac1 Bd6 27. R1c2 Qb7 28. Be4 Qd7 29. Qf6 Qd8 30. Qf3 f5 31.
Bd5+ Kh8 32. Qd3 Bb4 33. Rc6 Rxc6 34. Bxc6 e4 35. Qb5 d3 36. exd3 exd3 37. Rc1 d2 38. Rd1 Qd4 39. b3 Rf7 40. Kg2 Re7 41. Bf3 Kg7 42.
h4 h5 43. Qa4 Re1 44. Qc6 Qd3 45. Qc7+ Re7 46. Qf4 Qc3 47. Qc4 Qxc4 48. bxc4 Re1 49.
c5 Rxd1 50. Bxd1 Bxc5 51. Kf3 Kf6 52. Ke2 Ke7 53. f3 Bd6 54. g4 Bf4 55. gxh5 gxh5 56.
Bc2 Kf6 57. Kd1 Ke5 58. Ke2 Bh6 59. Kd1 Be3 60. Ke2 Kf4 61. Bd1 Bc5 62. Bc2 Be7 63.
Kxd2 Bxh4 64. Ke2 Be7 65. Kf2 h4 66. Kg2 Kg5 67. Kh3 Bd6 68. Bb3 Bg3 69. Bc2 f4 70. Kg2 Kf6 71. Kh3 Ke5 72. Kg4 Kd4 0-1

[Event "Early-Titled-Tuesday-Blitz-August-29-2023"]
[Site "Chess.com"]
[Date "2023.08.29"]
[Round "11"]
[White "Herzog2012"]
[Black "M1711"]
[Result "1/2-1/2"]
[WhiteElo "2439"]
[BlackElo "2558"]
[TimeControl "180+1"]
[EndTime "10:05:18 PDT"]
[Termination "Game drawn by repetition"]

1. e4 Nf6 2. e5 Nd5 3. c4 Nb6 4. d4 d6 5. exd6 exd6 6. Nc3 Be7 7.
Bd3 O-O 8. Nge2 Bf6 9. O-O Nc6 10. b3 g6 11. Be3 Re8 12. Qd2 Bg4 13. h3 Bxe2 14. Nxe2 Nd7 15. Rfe1 a5 16. Rad1 Nf8 17. d5 Ne5 18. Nc3 Nxd3 19. Qxd3 Nd7 20. Ne4 Bg7 21.
Bg5 f6 22. Bc1 Qe7 23. Bb2 Qf8 24. Qc2 b6 25. Re2 Re7 26. Rde1 Rae8 27. Nc3 Rxe2 28. Rxe2 Rxe2 29. Qxe2 f5 30. Nb5 Bxb2 31. Qxb2 Qd8 32.
Qe2 Nc5 33. Nd4 Kf7 34. Nb5 Qd7 35. f3 Na6 36. g4 fxg4 37. hxg4 Qe7 38. Qd2 Qf6 39.
Kg2 Kg7 40. Qe2 Kf7 41. Kg3 Qe7 42. Qxe7+ Kxe7 43. g5 Kd7 44. Nd4 Nc5 45. f4 Ke7 46. Kf3 Kd7 47. Ke3 Ke7 48. Nc6+ Kd7 49. Nd4 Ke7 50.
Nb5 Kd8 51. Kd4 Kd7 52. Nc3 Ke7 53. Nd1 Na6 54. a3 Nc5 55. Kc3 Ne4+ 56. Kd4 Nc5 57. b4 axb4 58. axb4 Na6 59. Kc3 Nb8 60. Nf2 Nd7 61.
Ne4 Kf7 62. Kd4 Kg7 63. c5 dxc5+ 64. bxc5 bxc5+ 65. Nxc5 Nf8 66. Ke5 Kf7 67. Ne4 Nd7+ 68. Kd4 Kg7 69. Nc3 h5 70. gxh6+ Kxh6 71. Nb5 g5 72. f5 Kg7 73. Nxc7 Kf6 74. Ke4 Nc5+ 75. Kd4 Nd7 76. Ke4 Nc5+ 77. Kd4 Nd7 1/2-1/2